 Dungeon Crawl Stone Soup version 0.21.0-24-g2553a33 (webtiles) character file.

445 dobroeutro the Slasher (level 6, -3/70 HPs)
             Began as a Demonspawn Fighter on Jan 20, 2018.
             Slain by a river rat (6 damage)
             ... summoned by Eustachio
             ... on level 4 of the Dungeon.
             The game lasted 00:05:17 (2931 turns).

dobroeutro the Slasher (Demonspawn Fighter)         Turns: 2931, Time: 00:05:17

Health: -3/70      AC: 23    Str: 19      XL:     6   Next: 72%
Magic:  6/6        EV:  2    Int:  9      God:
Gold:   182        SH:  8    Dex: 11 (12) Spells: 5/5 levels left

rFire    . . .     SeeInvis .   a - +0 long sword
rCold    . . .     Gourm    .   c - +0 shield
rNeg     + + +     Faith    .   (armour currently unavailable)
rPois    +         Spirit   .   (helmet currently unavailable)
rElec    .         Reflect  .   (cloak currently unavailable)
rCorr    .         Harm     .   (gloves currently unavailable)
MR       .....     NoTele   +   (boots currently unavailable)
Stlth    +.........             (no amulet)
HPRegen  0.21/turn              (no ring)
MPRegen  0.10/turn              (no ring)

@: tree-form
A: demonic guardian 1, powered by death 1
a: no special abilities


You were on level 4 of the Dungeon.
You were hungry.
You were a tree.
You visited 1 branch of the dungeon, and saw 4 of its levels.

You collected 182 gold pieces.

Inventory:

Hand Weapons
 a - a +0 long sword (weapon)
Armour
 b - a +0 scale mail
 c - a +0 shield (worn)
 g - a +0 helmet (melded)
 s - a cursed +0 chain mail (melded)
Scrolls
 h - 3 scrolls of teleportation
 i - 2 scrolls of immolation
 k - 5 scrolls of remove curse {unknown}
 l - 5 scrolls of enchant weapon {unknown}
 o - a scroll of blinking {unknown}
 q - a scroll of fog {unknown}
 r - a scroll of noise {unknown}
 t - 3 scrolls of identify {unknown}
Potions
 d - a potion of might
 m - 2 potions of cancellation {unknown}
 n - 2 potions of haste
 p - 3 potions of curing
 u - 2 potions of heal wounds {unknown}
 w - 2 potions of resistance
Comestibles
 f - 9 rations


   Skills:
 - Level 3.0 Fighting
 + Level 6.7 Long Blades
 - Level 2.6 Armour
 - Level 2.6 Shields


You had 5 spell levels left.
You didn't know any spells.

Dungeon Overview and Level Annotations

Branches:
Dungeon (4/15)             Temple (0/1) D:4

Altars:

Annotations:
D:4 Eustachio


Innate Abilities, Weirdness & Mutations

((You have sharp fingernails.))
((You are partially covered in large bone plates. (SH +4)))
A weak demonic guardian rushes to your aid.
You regenerate a little health from kills.


Message History

Unknown command.
You closely miss the hound.
The hound is severely wounded.
The hound bites you but does no damage. The quokka bites you.
* * * LOW HITPOINT WARNING * * *
The river rat bites you but does no damage.
The orc wizard points at your ufetubus and mumbles some strange words.
Your ufetubus seems to slow down.
Your ufetubus closely misses the orc wizard.
Your ufetubus hits the orc wizard.
The orc wizard dies!
The hound bites you but does no damage.
Unknown command.
Unknown command.
Unknown command.
You barely miss the hound.
The hound is severely wounded.
You block the quokka's attack. You block the hound's attack.
The river rat bites you.
You die...

*,,,,_,,,,##...#...###.#
**,,,,,,,##....#*#.....#
***,,,**#.....# #..####
******* #.....###..#****
#,,,* #.........##,,,,
#..,* ##).....####*,,*,
#...####5..†..##****_,,,
#......#h##†###**,,*,,*,
*#...@..♣r.......,,**,,,,
*........r...####********
*.............[.,,*
*...........###$.,*
*...........#,*,.,*
*.$.......###,***,*
*........$#∩,,,,*,*
*.........#**,***,*
*,,,,,,,,,,,*,*,,,*


You could see Eustachio, a hound, a river rat, a quokka and a friendly ufetubus.

Vanquished Creatures
  An orc priest (D:2)
  Jessica (D:2)
  A worker ant (D:4)
  Natasha (thrice) (D:2)
  5 gnolls
  7 adders
  2 oozes
  2 worms
  2 dart slugs (D:1)
  4 leopard geckos
  11 orcs
  A ball python (D:2)
  5 bats
  4 giant cockroaches
  9 goblins
  6 hobgoblins
  10 jackals
  A quokka (D:2)
  7 frilled lizards
  5 kobolds
  6 rats
93 creatures vanquished.

Vanquished Creatures (collateral kills)
  A hound (D:4)
  2 orc wizards (D:4)
  3 orcs (D:2)
  2 jackals (D:4)
  A frilled lizard (D:4)
  A kobold (D:2)
10 creatures vanquished.

Grand Total: 103 creatures vanquished

Notes
Turn   | Place    | Note
-------+----------+-------------------------------------------
     0 | D:1      | dobroeutro the Demonspawn Fighter began the quest for the Orb.
     0 | D:1      | Reached XP level 1. HP: 18/18 MP: 1/1
    10 | D:1      | Reached skill level 2 in Long Blades
   152 | D:1      | Gained mutation: You regenerate a little health from kills. [demonic ancestry]
   152 | D:1      | Reached XP level 2. HP: 18/24 MP: 2/2
   278 | D:1      | Reached skill level 3 in Long Blades
   401 | D:1      | Gained mutation: You are partially covered in large bone plates. (SH +4) [demonic ancestry]
   401 | D:1      | Reached XP level 3. HP: 29/29 MP: 3/3
   828 | D:2      | Noticed Natasha
  1113 | D:2      | Reached skill level 4 in Long Blades
  1113 | D:2      | Gained mutation: A weak demonic guardian rushes to your aid. [demonic ancestry]
  1113 | D:2      | Reached XP level 4. HP: 35/35 MP: 4/4
  1211 | D:2      | Killed Natasha
  1365 | D:2      | Gained mutation: You have sharp fingernails. [demonic ancestry]
  1365 | D:2      | Reached XP level 5. HP: 34/41 MP: 5/5
  1395 | D:2      | Noticed Jessica
  1397 | D:2      | Killed Jessica
  1397 | D:2      | Reached skill level 5 in Long Blades
  1513 | D:2      | Noticed Natasha
  1521 | D:2      | Killed Natasha
  1601 | D:2      | Noticed Natasha
  1606 | D:2      | Killed Natasha
  1921 | D:2      | Reached XP level 6. HP: 30/47 MP: 6/6
  2219 | D:3      | Reached skill level 6 in Long Blades
  2892 | D:4      | Noticed Eustachio
  2930 | D:4      | HP: 3/70 [quokka[Eustachio] (3)]
  2931 | D:4      | Slain by a river rat

Skill      XL: |  1  2  3  4  5  6 |
---------------+-------------------+-----
Long Blades    | 2 3 4 5 6 |  6.7
Fighting       | |  3.0
Armour         | |  2.6
Shields        | |  2.6

Action                   |  1- 3 |  4- 6 || total
-------------------------+-------+-------++-------
Melee: Long sword        |   102 |   337 ||   439
  Use: Scroll            |       |     4 ||     4
       Potion            |       |     1 ||     1
  Eat: Chunk             |     1 |     6 ||     7
Armor: Scale mail        |    36 |    20 ||    56
       Chain mail        |       |   188 ||   188
       Skin              |       |    13 ||    13
Dodge: Dodged            |    24 |    54 ||    78
Block: Shield            |    49 |   304 ||   353
       Rpst.: Long sword |     6 |    16 ||    22
